 Dungeon Crawl Stone Soup version 0.32-a0-913-g739538afd8 (webtiles) character file.

Game seed: 3783797897270227240

2273 mitch45678 the Basher (level 9, -3/70 (71) HPs)
             Began as a Mountain Dwarf Cinder Acolyte on Apr 10, 2024.
             Was a High Priest of Ignis.
             Collided with a rock wall (13 damage)
             ... after being knocked back by Psyche the wind drake
             ... on level 7 of the Dungeon.
             The game lasted 00:43:21 (7158 turns).

mitch45678 the Basher (MDCA)                        Turns: 7158, Time: 00:43:21

HP:   -3/70 (71)    AC:  6    Str: 25    XL:     9   Next: 16%
MP:   1/10          EV: 10    Int: 15    God:    Ignis [*****.]
Gold: 357           SH:  5    Dex:  9    Spells: 8/10 levels left

rFire   + . .        a - +1 flail (heavy)
rCold   . . .        (no shield)
rNeg    . . .        y - +0 leather armour "Riufois" {^Contam Str+4 Dex+4}
rPois   .            s - +0 helmet
rElec   .            n - +0 cloak
rCorr   .            (no gloves)
SInv    .            p - +0 pair of boots
Will    .....        o - amulet of reflection
Stlth   +            (no ring)
HPRegen 0.31/turn    (no ring)
MPRegen 0.12/turn

%: reflection
@: hasted, lightly drained, very quick
A: runic magic, artefact enchanting
a: Renounce Religion, Fiery Armour, Foxfire Swarm, Rising Flame


You were on level 7 of the Dungeon.
You worshipped Ignis.
Ignis was extremely pleased with you.
You visited 2 branches of the dungeon, and saw 9 of its levels.

You collected 357 gold pieces.


Innate Abilities, Weirdness & Mutations

Your spellcasting is much less encumbered by armour.
You can use scrolls of enchantment on lesser artefacts.


   Skills:
 - Level 4.0 Fighting
 - Level 9.2(11.2) Axes
 * Level 10.1(11.7) Maces & Flails
 - Level 1.0 Armour
 - Level 1.0 Dodging
 - Level 1.0 Spellcasting
 - Level 5.0 Fire Magic
 - Level 3.0 Evocations


You had 8 spell levels left.
You knew the following spells:

 Your Spells              Type           Power      Damage    Failure   Level
a - Scorch                Fire           30%        2d6       4%          2

Your spell library contained the following spells:

 Spells                   Type           Power      Damage    Failure   Level
 Kiss of Death            Conj/Necr      0%         2d5       26%         1
 Confusing Touch          Hex            0%         N/A       58%         3
 Dazzling Flash           Conj/Hex       0%         N/A       58%         3
 Mephitic Cloud           Conj/Alch/Air  0%         N/A       58%         3
 Summon Ice Beast         Ice/Summ       0%         N/A       58%         3
 Anguish                  Hex/Necr       0%         N/A       94%         4
 Cause Fear               Hex            0%         N/A       94%         4
 Dispel Undead            Necr           0%         3d6       94%         4
 Curse of Agony           Necr           0%         N/A       100%        5
 Silence                  Hex/Air        0%         N/A       100%        5
 Summon Mana Viper        Hex/Summ       0%         N/A       100%        5
 Sculpt Simulacrum        Ice/Alch       0%         N/A       100%        6
 Starburst                Conj/Fire      4%         6d3       100%        6
 Enfeeble                 Hex            0%         N/A       100%        7
 Monstrous Menagerie      Summ           0%         N/A       100%        7
 Ozocubu's Refrigeration  Ice            0%         4d7       100%        7
 Maxwell's Capacitive Co  Air            0%         ∞         100%        8
 Chain Lightning          Conj/Air       0%         N/A       100%        9
 Fire Storm               Conj/Fire      4%         8d1       100%        9
 Polar Vortex             Ice            0%         N/A       100%        9
 Shatter                  Erth           0%         3d5*      100%        9

Inventory:

Hand Weapons
 a - a +1 heavy flail (weapon)
   (You took it off an orc on level 5 of the Dungeon)
 b - a +2 dagger of venom
   (You took it off an orc wizard on level 7 of the Dungeon)
 c - a -1 hand axe of flaming
 d - a +0 war axe
   (You found it on level 7 of the Dungeon)
 E - the +10 rapier "Lunozeop" {drain, rElec Dex+4}
   (You found it on level 5 of the Dungeon)

   Dex+4:     It affects your dexterity (+4).
   rElec:     It insulates you from electricity.
 H - a +0 morningstar
   (You took it off an orc on level 4 of the Dungeon)
Missiles
 e - 59 stones
 A - 3 boomerangs (quivered)
 Q - 5 javelins
Armour
 n - a +0 cloak (worn)
   (You found it on level 2 of the Dungeon)
 p - a +0 pair of boots (worn)
   (You found it on level 2 of the Dungeon)
 s - a +0 helmet (worn)
   (You took it off Robin on level 2 of the Dungeon)
 v - a +0 chain mail
   (You found it on level 3 of the Dungeon)
 y - the +0 leather armour "Riufois" (worn) {^Contam Str+4 Dex+4}
   (You found it on level 3 of the Dungeon)

   Str+4:     It affects your strength (+4).
   Dex+4:     It affects your dexterity (+4).
   ^Contam:   It causes magical contamination when unequipped.
 F - a +0 leather armour of fire resistance
   (You found it on level 4 of the Dungeon)
 I - a +0 plate armour
   (You took it off an orc on level 5 of the Dungeon)
 K - a scarf of resistance
   (You found it on level 6 of the Dungeon)
Jewellery
 o - an amulet of reflection (around neck)
   (You found it on level 2 of the Dungeon)
 P - an amulet of the acrobat
   (You found it on level 7 of the Dungeon)
Wands
 t - a wand of polymorph (3)
   (You took it off Robin on level 2 of the Dungeon)
 B - a wand of paralysis (1)
   (You found it on level 3 of the Dungeon)
 N - a wand of flame (20)
   (You found it on level 6 of the Dungeon)
Scrolls
 f - a scroll of revelation
 g - a scroll of fear {unknown}
 h - 4 scrolls of poison {unknown}
 i - 2 scrolls of silence
 j - 4 scrolls of teleportation {unknown}
 k - 2 scrolls of fog {unknown}
 l - 2 scrolls of amnesia {unknown}
 m - 2 scrolls of blinking
 x - a scroll of vulnerability {unknown}
 G - a scroll of acquirement {unknown}
 J - 3 scrolls of torment {unknown}
 L - a scroll of immolation {unknown}
 O - a scroll of brand weapon {unknown}
Potions
 q - 2 potions of lignification {!q}
 u - a potion of might
 w - 2 potions of attraction {!q}
 z - a potion of cancellation {unknown}
 C - 2 potions of brilliance {unknown}
 D - a potion of mutation {unknown}
 M - 2 potions of haste {unknown}
 R - a potion of berserk rage {unknown}
 S - 3 potions of degeneration {!q}

Dungeon Overview and Level Annotations

Branches:
Dungeon (8/15)             Temple (1/1) D:4
   Lair: D:8-11

Altars:
Ashenzari
Cheibriados
Dithmenos
Elyvilon
Fedhas
Gozag
Hepliaklqana
Kikubaaqudgha
Makhleb
Nemelex Xobeh
Okawaru
Qazlal
Ru
Sif Muna
Trog
Uskayaw
Vehumet
Wu Jian
Xom
Yredelemnul
Zin
The Shining One

Shops:
D:8 [

Annotations:
D:3 exclusion: downstairs
D:6 exclusion: 2 downstairs
D:7 Psyche


Message History

Ignis goes out, and joins you in death.

You could see Psyche the wind drake (repels missiles, catching breath, combustible).

Vanquished Creatures
  Menkaure (D:4)
  A black bear (D:4)
  3 ogres
  3 phantoms (D:5)
  2 centaurs (D:7)
  3 bullfrogs
  2 scorpions (D:4)
  5 wights
  2 bombardier beetles (D:6)
  2 jellies
  2 sleepcaps
  8 hounds
  A gnoll bouda (D:4)
  2 iguanas
  5 orc wizards
  Robin (D:2)
  5 adders
  6 gnolls (D:6)
  A white imp (D:7)
  4 ufetubi
  15 orcs
  12 ball pythons
  3 bats
  4 endoplasms
  4 giant cockroaches
  9 goblins
  7 hobgoblins
  9 kobolds
  4 quokkas
  3 frilled lizards
  4 rats (D:1)
133 creatures vanquished.

Notes
Turn   | Place    | Note
-------+----------+-------------------------------------------
     0 | D:1      | mitch45678 the Mountain Dwarf Cinder Acolyte began the
                  | quest for the Orb.
     0 | D:1      | Reached XP level 1. HP: 19/19 MP: 2/2
    69 | D:1      | Reached skill level 4 in Fire Magic
   141 | D:1      | Reached skill level 4 in Axes
   159 | D:1      | Reached XP level 2. HP: 26/26 MP: 3/3
   162 | D:1      | Learned a level 2 spell: Scorch
   760 | D:2      | Reached XP level 3. HP: 30/31 MP: 4/4
   899 | D:1      | Reached skill level 5 in Axes
  1393 | D:3      | Noticed Robin
  1414 | D:2      | F
  1448 | D:2      | Killed Robin
  1449 | D:2      | Reached XP level 4. HP: 29/38 MP: 2/5
  1522 | D:3      | Found a glowing golden altar of the Shining One.
  1691 | D:3      | Identified the +0 leather armour "Riufois" {^Contam Str+4
                  | Dex+4}
  1704 | D:3      | yeah I guess
  1970 | D:3      | Reached skill level 1 in Armour
  1970 | D:3      | Reached skill level 1 in Evocations
  1971 | D:3      | Reached skill level 2 in Evocations
  1971 | D:3      | Reached XP level 5. HP: 24/45 MP: 1/6
  2038 | D:3      | Found a faded altar of an unknown god.
  2476 | D:4      | Noticed an ogre
  2544 | D:4      | Noticed Menkaure
  2758 | D:4      | fail
  2758 | D:4      | Killed Menkaure
  2759 | D:4      | Reached skill level 1 in Dodging
  2759 | D:4      | Reached skill level 3 in Evocations
  2759 | D:4      | Reached skill level 6 in Axes
  2759 | D:4      | Reached skill level 5 in Fire Magic
  2759 | D:4      | Reached XP level 6. HP: 19/51 MP: 0/7
  2998 | D:4      | Reached skill level 7 in Axes
  3012 | D:4      | Reached XP level 7. HP: 53/57 MP: 2/8
  3023 | D:4      | Reached skill level 8 in Axes
  3142 | D:4      | Reached skill level 4 in Fighting
  3348 | D:4      | Found a bloodstained altar of Trog.
  3349 | D:4      | Found a shadowy altar of Dithmenos.
  3350 | D:4      | Found a glowing silver altar of Zin.
  3356 | D:4      | Found a blossoming altar of Fedhas.
  3363 | D:4      | Found a hide-covered altar of Uskayaw.
  3369 | D:4      | Reached skill level 9 in Axes
  3387 | D:4      | Found a snail-covered altar of Cheibriados.
  3388 | D:4      | Found a broken altar of Ashenzari.
  3389 | D:4      | Found an opulent altar of Gozag.
  3393 | D:4      | Found a hazy altar of Hepliaklqana.
  3394 | D:4      | Found a basalt altar of Yredelemnul.
  3480 | D:5      | Entered Level 5 of the Dungeon
  3583 | D:5      | Reached skill level 2 in Maces & Flails
  3878 | D:4      | Found a staircase to the Ecumenical Temple.
  3887 | Temple   | Entered the Ecumenical Temple
  3973 | D:5      | Reached skill level 3 in Maces & Flails
  3990 | D:5      | Reached XP level 8. HP: 58/66 MP: 2/9
  4038 | D:5      | Reached skill level 4 in Maces & Flails
  4329 | D:5      | Identified the +10 rapier "Lunozeop" {drain, rElec Dex+4}
  4526 | D:5      | Found a shimmering blue altar of Sif Muna.
  4865 | D:6      | Reached skill level 5 in Maces & Flails
  5121 | D:6      | Reached skill level 6 in Maces & Flails
  5317 | D:6      | Reached skill level 7 in Maces & Flails
  5926 | D:6      | Reached skill level 8 in Maces & Flails
  6338 | D:7      | Reached skill level 9 in Maces & Flails
  6471 | D:7      | HP: 13/66 [wyvern (17)]
  6472 | D:7      | FFS
  6587 | D:7      | Reached XP level 9. HP: 50/71 MP: 3/10
  6795 | D:7      | Reached skill level 10 in Maces & Flails
  7130 | D:8      | Noticed Psyche
  7130 | D:8      | Found Bam Hori's Armour Emporium.
  7138 | D:7      | Psyche changed into Psyche the wind drake
  7138 | D:7      | Noticed Psyche
  7153 | D:7      | HP: 9/70 [rock wall collision (15)]
  7155 | D:7      | HP: 3/70 [Psyche the wind drake/the air (17)]
  7158 | D:7      | Collided with a rock wall

Levels and vault maps discovered:
D:1:      pf_arrival_petrified_forest, layout_basic
D:2:      layout_loops_ring
D:3:      layout_loops_cross, old_standard_altar, serial_bayou,
          serial_bayou_shore_a, serial_bayou_shore_b, serial_bayou_pond_c,
          serial_bayou_ford_a, shapermc_ecumenical_altar_gd,
          kennysheep_generic_room_7, uniq_robin
D:4:      layout_loops_ring, nicolae_overflow_hallway_of_the_gods,
          minmay_temple_entry_poolview, minmay_misc_feat_x, uniq_menkaure
D:5:      layout_cave_pods, lemuel_tele_altar, ebering_dispersal_statue_hall,
          nicolae_grassy_gnolls
D:6:      layout_gridville, dreamdust_gnoll_farm
D:7:      layout_gridville, st_stairs_1
D:8:      layout_cave_pools, due_lair_maze_entry_diamond, serial_shops,
          nicolae_diamond_shop, shop, shop, shop, kennysheep_just_a_vault,
          uniq_psyche
Temple:   dpeg_chambers_temple

Action                     |  1- 3 |  4- 6 |  7- 9 || total
---------------------------+-------+-------+-------++-------
  Melee: Hand axe          |   128 |    80 |    28 ||   236
         Unarmed           |     5 |       |       ||     5
         Flail             |       |       |    94 ||    94
  Throw: Stone             |     1 |     1 |     1 ||     3
         Boomerang         |       |       |    25 ||    25
   Cast: Scorch            |     6 |    14 |    80 ||   100
 Invoke: Fiery Armour      |       |     1 |       ||     1
  Evoke: Wand              |       |       |     9 ||     9
    Use: Scroll            |       |     6 |     4 ||    10
         Potion            |       |       |     2 ||     2
   Stab: Paralysed         |       |       |     3 ||     3
 Armour: Ring mail         |    92 |     6 |       ||    98
         Skin              |     3 |       |       ||     3
         Leather armour    |       |    37 |   160 ||   197
  Dodge: Dodged            |    67 |    46 |    92 ||   205
  Block: Other             |     4 |    22 |    51 ||    77
         Reflection        |       |     1 |     4 ||     5
